 Dungeon Crawl Stone Soup version 0.16-a0-787-g31dbbe7 (webtiles) character file.

384873 JacquesDerrida the Black Belt (level 22, 108/174 (176) HPs)
             Began as a Demonspawn Monk on Nov 19, 2013.
             Was the Champion of Nemelex Xobeh.
             Quit the game on Level 1 of the Vaults on Sept 27, 2014.
             The game lasted 06:12:17 (55536 turns).

JacquesDerrida the Black Belt (Demonspawn Monk)    Turns: 55536, Time: 06:12:18

HP 108/174 (176) AC 22     Str 17      XL: 22   Next: 26%
MP  35/35        EV 34     Int 21      God: Nemelex Xobeh [******]
Gold 1709        SH  8     Dex 21      Spells:  9 memorised, 11 levels left

rFire  . . .     SeeInvis .       - Unarmed
rCold  + . .     Clarity  .     f - +6 mottled dragon armour
rNeg   + . .     rCorr    .     s - +1 buckler
rPois  .         rRot     .     (helmet unavailable)
rElec  +         Spirit   +     J - +0 cloak of Starlight {rElec rC+ EV+4 Stlth-}
SustAb +         Warding  +     (gloves unavailable)
rMut   .         Stasis   .     (boots unavailable)
Gourm  .                        g - brooch of Shielding {Ward rN+ AC+4 EV+4}
MR     +....                    z - +3 ring of protection
                                T - ring "Nopodet" {SustAb Str+4 Dex+3 Int+3}

@: somewhat resistant to hostile enchantments, very unstealthy
A: claws 3, horns 3, talons 3, powered by pain 1, magic shield, magic
regeneration, flame cloud immunity
a: Draw One, Peek at Two, Triple Draw, Deal Four, Stack Five, Renounce Religion
}: 1/15 runes: decaying


You were on level 1 of the Vaults.
You worshipped Nemelex Xobeh.
Nemelex Xobeh was exalted by your worship.
You were not hungry.

You visited 7 branches of the dungeon, and saw 40 of its levels.
You visited 2 bazaars.
You also visited: Labyrinth (2 times), Trove, Ossuary, Ice Cave and Volcano.

You collected 4635 gold pieces.
You spent 2926 gold pieces at shops.

Inventory:

Hand weapons
 U - a +2 scimitar of flaming
Missiles
 l - 3 throwing nets (quivered)
Armour
 f - a +6 mottled dragon armour (worn)
 s - a +1 buckler (worn)
 J - the +0 cloak of Starlight (worn) {rElec rC+ EV+4 Stlth-}
   (You found it in a treasure trove)

   It affects your evasion (+4).
   It protects you from cold.
   It insulates you from electricity.
   It makes you less stealthy.
Magical devices
 x - a wand of disintegration (12)
 y - a wand of cold (4)
 B - a wand of digging (6)
 R - a wand of teleportation (5)
Comestibles
 t - 2 rotting chunks of ogre flesh
 v - 6 bread rations
 I - 4 meat rations
 L - a fruit
 P - a fruit
Scrolls
 b - a scroll of silence
 o - a scroll of fear
 q - 5 scrolls of fog
 r - 4 scrolls of remove curse
 C - 3 scrolls of magic mapping
 K - 2 scrolls of identify
Jewellery
 g - the brooch of Shielding (around neck) {Ward rN+ AC+4 EV+4}
   (You found it in a labyrinth)

   [amulet of warding]

   It may prevent the melee attacks of summoned creatures.
   It affects your AC (+4).
   It affects your evasion (+4).
   It protects you from negative energy.
 i - an uncursed ring of see invisible
 w - an uncursed amulet of resist corrosion
 z - a +3 ring of protection (right claw)
 M - the ring "Siamedwiogh" {rC+ Int+3}
   (You took it off a deep elf annihilator on level 3 of the Elven Halls)

   [ring of protection from cold]

   It affects your intelligence (+3).
   It protects you from cold.
 T - the ring "Nopodet" (left claw) {SustAb Str+4 Dex+3 Int+3}
   (You took it off a deep elf demonologist on level 3 of the Elven Halls)

   [ring of sustain abilities]

   It sustains your strength, intelligence and dexterity.
   It affects your strength (+4).
   It affects your intelligence (+3).
   It affects your dexterity (+3).
 X - an uncursed ring of protection from magic
Potions
 D - a potion of berserk rage
 E - a potion of curing
 G - 4 potions of might
 H - 2 potions of agility
 N - a potion of heal wounds
 V - 3 potions of restore abilities
Miscellaneous
 c - a box of beasts
 d - a phial of floods
 e - a legendary deck of escape {drawn: 5}
 h - a legendary deck of summonings
 j - an ornate deck of wonders
 k - an ornate deck of destruction {drawn: 2}
 n - a crystal ball of energy
 p - an ornate deck of destruction {drawn: 1}
 u - an ornate deck of summonings {drawn: 6}
 A - a legendary deck of destruction {drawn: 1}
 F - an ornate deck of destruction {drawn: 2}
 O - a legendary deck of summonings {drawn: 8}
 Q - a legendary deck of summonings {drawn: 1}
 S - a lamp of fire
 Z - a fan of gales
Rods
 a - a +6 rod of venom (11/11)
   (You found it on level 3 of the Elven Halls)
 m - a +4 lightning rod (14/14)
   (You found it in a labyrinth)


   Skills:
 - Level 14.3 Fighting
 - Level 1.9 Throwing
 - Level 7.0 Armour
 - Level 15.6 Dodging
 - Level 1.7 Stealth
 - Level 9.1 Shields
 + Level 19.4 Unarmed Combat
 - Level 7.6 Spellcasting
 - Level 13.1 Charms
 - Level 15.1 Evocations


You had 11 spell levels left.
You knew the following spells:

 Your Spells              Type           Power        Failure   Level  Hunger
a - Corpse Rot            Necr           N/A          14%         2    None
b - Repel Missiles        Chrm/Air       #####.       1%          2    None
c - Regeneration          Chrm/Necr      #####.....   1%          3    None
d - Flight                Chrm/Air       #####.....   1%          3    None
e - Blink                 Tloc           N/A          14%         2    None
f - Haste                 Chrm           ######..     8%          6    ######.
g - Swiftness             Chrm/Air       #####...     1%          2    None
h - Control Teleport      Chrm/Tloc      #####.....   8%          4    ###....
i - Apportation           Tloc           #.........   12%         1    None


Dungeon Overview and Level Annotations

Branches:
Dungeon (16/16)            Temple (0/1) D:4             Orc (4/4) D:9
    Elf (3/3) Orc:3          Lair (8/8) D:12          Swamp (5/5) Lair:4
 Spider (0/5) Lair:4        Slime (0/6) Lair:6       Vaults (1/5) Depths:3
 Depths (3/6) D:16

Altars:
Elyvilon
Kikubaaqudgha
Nemelex Xobeh
Okawaru
Trog
The Shining One
Beogh

Shops:
D:4 ?   D:5 *?   D:9 [   D:14 :   Orc:4 [[}x   Elf:3 !(=*

Portals:
Hell: Depths:2 Depths:3
Pandemonium: Depths:3
Ziggurat: Swamp:4 (4370 gp)

Annotations:
D:11 exclusion: oklob plant
D:12 Fannar
Lair:6 exclusion: 2 oklob plants


Innate Abilities, Weirdness & Mutations

You have claws for hands.
You have a pair of large horns on your head.
You have claws for feet.
You sometimes gain a little power by taking damage.
When hurt, damage is shared between your health and your magic reserves.
You regenerate magic rapidly.
You are immune to clouds of flame.


Message History

You claw the centaur warrior!
You kill the centaur warrior!
Saving game... please wait.
Welcome back, JacquesDerrida the Demonspawn Monk.
Nemelex Xobeh says: It's all in the cards!
Press ? for a list of commands and other information.
You are a level 22 Demonspawn Monk.
You are 26% of the way to level 23.
Play time: 06:10:39 (55531 turns) Saving game... please wait.
Welcome back, JacquesDerrida the Demonspawn Monk.
Nemelex Xobeh says: It's all in the cards!
Press ? for a list of commands and other information.
Wield which item (- for none, * to show all)? (? for menu, Esc to quit)
Okay, then.
You are a level 22 Demonspawn Monk.
You are 26% of the way to level 23.
Play time: 06:11:55 (55531 turns)
There is an open door, spattered with blood here.
Things that are here:
5 arrows; an uncursed longbow; a centaur corpse Are you sure you want to abandon this character and quit the game? (Confirm with "yes".)

## # ###.# ##.#
###...# ##...#
###.....###.....#
###....(###.....####
+...∩.(.(...@......#
###.....###.....####
###.....###.....#
###...# ##...# ###.#
##.# ## #


There were no monsters in sight!

Vanquished Creatures
  Saint Roka (Swamp:4)
  Margery (Depths:2)
  Norris (Depths:3)
  3 golden dragons (Depths:2)
  Nikola (Depths:3)
  A tentacled monstrosity (Depths:2)
  The ghost of Egon the Scorcher, a mighty DjWz of Vehumet (Depths:1)
  5 deep elf blademasters (Elf:3)
  4 deep elf master archers (Elf:3)
  A lich (Depths:2)
  2 titans (Depths:2)
  A sphinx (Depths:2)
  Kirke (Swamp:4)
  A shadow dragon (Depths:2)
  The ghost of timbw the Destroyer, a mighty HuFE of Vehumet (Swamp:1)
  2 tengu reavers (Depths:2)
  3 fire giants
  4 frost giants
  7 deep elf sorcerers (Elf:3)
  The ghost of ark the Unseen, a mighty KoAs of Kikubaaqudgha (Depths:1)
  An iron dragon (Depths:2)
  Aizul (Swamp:2)
  14 stone giants
  3 orc warlords (Depths:2)
  6 deep elf annihilators (Elf:3)
  A vampire knight (D:14)
  5 deep elf demonologists (Elf:3)
  The ghost of Inkie the Brawler, a powerful LOTm of Ashenzari (Lair:3)
  12 ettins
  7 vault guards (Depths:3)
  6 ogre magi
  4 deep elf death magi
  A siren (Depths:3)
  2 great orbs of eyes (Depths:1)
  8 deep elf high priests (Elf:3)
  A fire dragon (D:15)
  3 yaktaur captains (Depths:2)
  2 minotaurs
  24 hydras
  Harold (D:16)
  Josephine (D:12)
  6 ice dragons
  5 alligators
  2 death yaks (Lair:6)
  A tengu warrior (Depths:2)
  A vampire mage (D:14)
  The ghost of ark the Covert, a powerful KoAs of Kikubaaqudgha (D:10)
  7 orc high priests
  A rakshasa (Depths:1)
  2 spectral elves (Elf:3)
  4 naga warriors
  11 very ugly things
  3 sun demons (Depths:3)
  12 centaur warriors
  An iron troll (Depths:2)
  5 hell knights
  An elf (D:12)
  An unseen horror (shapeshifter) (Elf:1)
  10 deep elf knights
  4 giant orange brains (Depths:1)
  An ice devil (IceCv)
  2 ice statues
  7 swamp dragons
  A removed MONS_GIANT_AMOEBA (D:16)
  An unseen horror (D:16)
  A wolf spider zombie (D:16)
  12 orc knights
  12 hill giants
  Joseph (D:7)
  8 deep elf conjurers
  A stone giant zombie (Depths:2)
  4 cyclopes
  8 orc sorcerers
  2 griffons
  A tormentor (Depths:3)
  A stone giant skeleton (Depths:2)
  A guardian serpent (shapeshifter) (Depths:2)
  3 red wasps
  6 elephants
  6 black mambas
  3 octopodes
  2 smoke demons (Elf:3)
  14 spiny frogs
  19 eyes of devastation (Depths:1)
  9 deep elf summoners
  2 spriggan druids (Lair:8)
  2 yaktaurs (shapeshifter) (Depths:2)
  A removed MONS_VAPOUR (Elf:3)
  A feature mimic (D:12)
  An efreet (D:15)
  A fire drake (shapeshifter) (Depths:2)
  A mermaid (shapeshifter) (Depths:3)
  A fire drake (Swamp:5)
  A spriggan (shapeshifter) (Depths:2)
  2 centaur zombies
  Grinder (D:4)
  6 spriggans (Lair:8)
  2 naga magi
  17 yaktaurs
  A minotaur zombie (Depths:2)
  2 deep elf priests (Elf:1)
  2 tengu conjurers (Depths:2)
  7 blue devils (IceCv)
  8 trolls
  Sonja (D:14)
  A troll (shapeshifter) (Depths:1)
  3 komodo dragons
  Prince Ribbit (D:8)
  5 bog bodies
  16 giant leeches
  2 ettin zombies (Depths:2)
  An ice dragon zombie (Depths:2)
  A raven (Swamp:4)
  A snapping turtle (shapeshifter) (Depths:2)
  12 two-headed ogres
  6 removed
  MONS_GRIZZLY_BEARs (Lair:8)
  A boulder beetle (Lair:7)
  17 blink frogs
  A basilisk (Lair:7)
  42 slime creatures
  6 flying skulls (D:14)
  15 deep elf magi
  8 vampires
  3 wraiths
  89 yaks
  4 water elementals
  2 shadows
  A ynoxinul (Elf:3)
  2 hill giant zombies (D:14)
  8 hippogriffs
  6 redbacks (Depths:3)
  A hungry ghost (D:12)
  A merfolk (shapeshifter) (Depths:2)
  Eustachio (D:7)
  2 golden eyes (Depths:1)
  17 removed MONS_SHARKs
  46 ugly things
  A neqoxec (Elf:3)
  2 humans (Depths:3)
  14 deep elf fighters
  33 wolves
  2 hogs (Swamp:3)
  A removed MONS_ROCK_WORM (D:16)
  2 necrophages
  3 wyverns
  2 hill giant skeletons (D:11)
  11 human zombies
  25 vampire mosquitoes
  A steam dragon (D:12)
  A mottled dragon (D:16)
  A soldier ant (D:14)
  47 swamp worms
  Menkaure (D:7)
  2 manticores
  2 tengu zombies (Depths:2)
  10 swamp drakes
  9 porcupines
  47 orc warriors
  11 ice beasts
  6 nagas
  2 yellow wasps
  2 phantoms
  5 black bears
  16 removed MONS_GIANT_GOLDFISHs
  6 sky beasts
  26 ogres
  4 tengu (Depths:2)
  27 crocodiles
  A removed MONS_ROTTING_DEVIL (Depths:3)
  16 centaurs
  7 wargs
  A removed MONS_GIANT_SLUG (Lair:3)
  14 water moccasins
  2 yaktaur zombies (Depths:2)
  13 insubstantial wisps
  A manticore zombie (D:11)
  2 removed MONS_AGATE_SNAILs
  2 cyclops zombies
  17 giant frogs
  A wyvern skeleton (D:14)
  A yak zombie (D:14)
  20 electric eels
  A troll skeleton (D:12)
  13 killer bees
  2 troll zombies
  18 removed MONS_JELLYFISHs
  2 eyes of draining (Depths:2)
  3 wights (D:15)
  A hippogriff skeleton (D:12)
  5 goliath beetles
  4 crimson imps
  A gnoll shaman (D:6)
  7 jellies
  27 removed MONS_BIG_FISHs
  29 orc priests
  7 hounds
  A komodo dragon simulacrum (D:12)
  Crazy Yiuf (D:6)
  A soldier ant zombie (D:11)
  12 iguanas
  5 water moccasin zombies (Ossuary)
  4 orange rats
  A basilisk skeleton (D:12)
  An iguana (shapeshifter) (D:11)
  3 scorpions
  18 orc wizards
  12 worker ants
  A centaur simulacrum (D:12)
  A big kobold zombie (Ossuary)
  6 sheep
  An ogre zombie (Depths:2)
  A hound zombie (D:5)
  A big kobold skeleton (D:14)
  4 mummies
  23 gnolls
  17 adders
  3 removed MONS_GIANT_CENTIPEDEs
  A steam dragon zombie (D:12)
  28 green rats
  9 white imps
  4 giant mites
  A goliath beetle zombie (D:13)
  4 worms
  4 ufetubi (IceCv)
  An iguana skeleton (D:6)
  2 adder skeletons
  4 adder zombies (Ossuary)
  4 removed
  MONS_GREY_RATs (D:7)
  4 giant eyeballs
  16 giant geckos
  3 oozes
  150 orcs
  3 ball pythons
  27 bats
  5 giant cockroaches
  14 goblins
  27 hobgoblins
  17 jackals
  18 kobolds
  8 quokkas
  A giant gecko zombie (D:8)
  12 giant newts
  A giant spore (D:15)
  3 gnoll zombies (Ossuary)
  A hobgoblin skeleton (D:7)
  4 hobgoblin zombies (Ossuary)
  A jackal zombie (D:6)
  A kobold skeleton (D:5)
  6 kobold zombies
  8 orc zombies
  A quokka zombie (D:6)
  27 rats
  2 ballistomycetes (D:15)
  2 fungi
  A plant (D:12)
1814 creatures vanquished.

Vanquished Creatures (collateral kills)
  Rupert (Swamp:4)
  Agnes (Swamp:4)
  A deep elf sorcerer (Elf:3)
  An orc warlord (D:14)
  Gastronok (D:12)
  2 deep elf demonologists (Elf:3)
  2 deep elf annihilators (Elf:3)
  An ettin (Depths:2)
  A minotaur (Lab)
  A deep elf high priest (Elf:1)
  7 hydras
  Erica (D:10)
  2 orc high priests (Orc:4)
  Erolcha (Orc:2)
  An unseen horror (D:10)
  An ice statue (IceCv)
  A hill giant (D:10)
  A swamp dragon (Swamp:5)
  2 orc knights (Orc:4)
  2 red wasps
  A sixfirhy (Elf:3)
  A removed MONS_SPINY_WORM (D:12)
  Maurice (D:10)
  2 elephants (Lair:8)
  A fire drake (Swamp:5)
  A yaktaur (Depths:2)
  2 komodo dragons
  A spriggan (Lair:8)
  2 blue devils (IceCv)
  2 giant leeches (Swamp:4)
  4 removed MONS_FIREFLYs
  The ghost of Luchsli the Ducker, an average MfAK of Lugonu (D:4)
  2 two-headed ogres (Depths:2)
  4 slime creatures
  A troll (D:13)
  A fire vortex (Depths:1)
  3 bog bodies
  2 ugly things
  An elephant slug (Lair:6)
  2 hippogriffs
  12 vampire mosquitoes
  A wolf (D:12)
  2 yaks (Lair:6)
  2 swamp worms
  2 swamp drakes
  A steam dragon (shapeshifter) (Depths:2)
  2 yellow wasps
  An ice beast (IceCv)
  2 ogres (Depths:2)
  5 orc warriors
  A removed MONS_GIANT_GOLDFISH (Lair:6)
  Sigmund (D:7)
  A crocodile (Lair:3)
  A water moccasin (Swamp:2)
  A removed MONS_JELLYFISH (Swamp:4)
  A removed MONS_BIG_FISH (Lair:6)
  2 orc priests (Orc:4)
  2 orc wizards
  A worker ant (D:10)
  2 sheep
  3 white imps (IceCv)
  A shadow imp (D:11)
  A green rat (Lair:6)
  2 worms
  An ufetubus (Elf:3)
  15 orcs
  A bat (Lair:6)
  A giant gecko (D:7)
134 creatures vanquished.

Vanquished Creatures (others)
  A bone dragon (Elf:3)
  A deep elf blademaster (Elf:3)
  A cacodemon (Depths:2)
  A vault guard (Depths:3)
  3 dancing weapons
  2 ogre magi (Depths:2)
  3 very ugly things
  A human (Swamp:4)
  2 griffons
  2 elephants (IceCv)
  2 removed MONS_VAPOURs
  2 yaktaurs (Depths:2)
  2 spiny frogs
  3 komodo dragons
  4 water elementals
  A tengu conjurer (Depths:2)
  3 fire vortices (Depths:1)
  A removed MONS_FIREFLY (D:10)
  7 two-headed ogres (Depths:2)
  3 fire elementals (Depths:2)
  A basilisk (Swamp:5)
  A removed MONS_GRIZZLY_BEAR (Swamp:4)
  8 vampire mosquitoes
  A yak (Swamp:5)
  A hell beast (Depths:1)
  4 wolves
  3 ogres (Depths:2)
  A black bear (Orc:4)
  9 yellow wasps
  A chimera (Depths:2)
  A centaur (Depths:1)
  A boring beetle (D:12)
  A removed MONS_AGATE_SNAIL (D:13)
  9 insubstantial wisps
  A removed MONS_JELLYFISH (D:7)
  A hound (D:13)
  A yak skeleton (IceCv)
  2 orange rats
  An iguana (Lair:3)
  An orc wizard (Depths:3)
  7 sheep
  A big kobold skeleton (D:11)
  A removed MONS_LEMURE (Lair:6)
  A shadow imp (D:14)
  2 white imps (IceCv)
  3 ufetubi
  5 orcs
  A bat (D:14)
  4 giant newts (Lair:3)
  A giant spore (D:15)
  8 fungi
  3 plants (D:12)
131 creatures vanquished.

Grand Total: 2079 creatures vanquished

Notes
Turn   | Place    | Note
--------------------------------------------------------------
     0 | D:1      | JacquesDerrida, the Demonspawn Monk, began the quest for the Orb.
     0 | D:1      | Reached XP level 1. HP: 16/16 MP: 0/0
    84 | D:1      | Reached skill level 4 in Unarmed Combat
   295 | D:1      | Gained mutation: You have sharp fingernails. [demonic ancestry]
   295 | D:1      | Reached XP level 2. HP: 20/22 MP: 1/1
   790 | D:1      | Reached XP level 3. HP: 24/28 MP: 2/2
  1168 | D:2      | Reached skill level 5 in Unarmed Combat
  1401 | D:2      | Found a sparkling altar of Nemelex Xobeh.
  1413 | D:2      | Became a worshipper of Nemelex Xobeh the Trickster
  1413 | D:2      | Received a gift from Nemelex Xobeh
  1413 | D:2      | Acquired Nemelex Xobeh's first power
  1507 | D:2      | Acquired Nemelex Xobeh's second power
  1550 | D:2      | Received a gift from Nemelex Xobeh
  1554 | D:2      | Gained mutation: Armour fits poorly on your strangely shaped body. [helix card]
  1556 | D:2      | Gained mutation: You have a slow metabolism. [helix card]
  1557 | D:2      | Reached skill level 9 in Unarmed Combat
  1557 | D:2      | Gained mutation: You have sharp toenails. [demonic ancestry]
  1557 | D:2      | Reached XP level 4. HP: 34/34 MP: 0/8
  1558 | D:2      | Gained mutation: You sometimes gain a little power by taking damage. [demonic ancestry]
  1558 | D:2      | Reached XP level 5. HP: 39/43 MP: 0/11
  2370 | D:3      | Acquired Nemelex Xobeh's third power
  2814 | D:3      | Gained mutation: When hurt, damage is shared between your health and your magic reserves. [demonic ancestry]
  2814 | D:3      | Reached XP level 6. HP: 37/50 MP: 13/13
  3096 | D:3      | Received a gift from Nemelex Xobeh
  3498 | D:4      | Noticed Grinder
  3522 | D:4      | Paralysed by Grinder for 4 turns
  3539 | D:4      | Killed Grinder
  3539 | D:4      | Gained mutation: You have very sharp fingernails. [demonic ancestry]
  3539 | D:4      | Reached XP level 7. HP: 20/56 MP: 4/16
  4182 | D:4      | Found Cloegec's Magic Scroll Boutique.
  4185 | D:4      | Bought a scroll of noise for 11 gold pieces
  4308 | D:4      | Found a staircase to the Ecumenical Temple.
  4409 | D:4      | Noticed Luchsli's ghost (average MfAK)
  4430 | D:4      | Received a gift from Nemelex Xobeh
  4431 | D:4      | HP: 1/56 [Luchsli's ghost (9)]
  4436 | D:4      | Killed Luchsli's ghost
  4436 | D:4      | Reached XP level 8. HP: 20/64 MP: 6/18
  4695 | D:5      | Entered Level 5 of the Dungeon
  4695 | D:5      | Noticed a troll
  4830 | D:5      | Killed a troll
  4921 | D:5      | Found Tots' General Store.
  4921 | D:5      | Found Conkig's Food Shop.
  5079 | D:5      | Acquired Nemelex Xobeh's fourth power
  5144 | D:5      | Reached skill level 1 in Shields
  5402 | D:5      | Found Xar Udug's Magic Scroll Shop.
  5411 | D:5      | Bought a scroll of fog for 20 gold pieces
  5411 | D:5      | Bought a scroll of teleportation for 30 gold pieces
  5411 | D:5      | Bought a scroll of magic mapping for 35 gold pieces
  6194 | D:6      | Noticed Crazy Yiuf
  6198 | D:6      | Killed Crazy Yiuf
  6207 | D:6      | Got a fine hammer
  6209 | D:6      | Identified the +6,+7 hammer of Jasus {vamp, rC+} (You found it on level 6 of the Dungeon)
  6269 | D:6      | Gained mutation: You regenerate magic rapidly. [demonic ancestry]
  6269 | D:6      | Reached XP level 9. HP: 70/70 MP: 20/20
  6644 | D:7      | Noticed Joseph
  7095 | D:7      | Noticed Eustachio
  7099 | D:7      | Noticed Sigmund
  7104 | D:7      | Killed Eustachio
  7106 | D:7      | Killed Sigmund
  7139 | D:7      | Received a gift from Nemelex Xobeh
  7455 | D:7      | Paralysed by a giant eyeball for 2 turns
  7558 | D:7      | Noticed Menkaure
  7563 | D:7      | Killed Menkaure
  7654 | D:8      | Noticed Prince Ribbit
  7665 | D:8      | Killed Prince Ribbit
  7848 | D:8      | Found a sand-covered staircase.
  7863 | Ossuary  | Entered an ossuary
  8491 | Ossuary  | Got a bloodstained falchion
  8508 | Ossuary  | Identified the +7,+4 falchion of Piuweips {slice, rC+} (You found it in an ossuary)
  8512 | Ossuary  | Gained mutation: You have razor-sharp toenails. [potion of mutation]
  8512 | Ossuary  | Gained mutation: You are weak. (Str -2) [potion of mutation]
  8512 | Ossuary  | Gained mutation: You possess an exceptional clarity of mind. [potion of mutation]
  8513 | Ossuary  | Lost mutation: You are weak. (Str -2) [potion of cure mutation]
  8513 | Ossuary  | Lost mutation: Armour fits poorly on your strangely shaped body. [potion of cure mutation]
  8513 | Ossuary  | Lost mutation: You have a slow metabolism. [potion of cure mutation]
  8513 | Ossuary  | Lost mutation: You possess an exceptional clarity of mind. [potion of cure mutation]
  8513 | Ossuary  | Lost mutation: You have razor-sharp toenails. [potion of cure mutation]
  8601 | Ossuary  | Acquired Nemelex Xobeh's fifth power
  9057 | D:9      | Paralysed by a giant eyeball for 2 turns
  9080 | D:9      | Found a staircase to the Orcish Mines.
  9484 | D:9      | Found Meon's Antique Armour Shop.
  9494 | D:9      | Bought a polished leather armour for 161 gold pieces
  9494 | D:9      | Bought a pair of elven boots for 41 gold pieces
  9496 | D:9      | Identified the +0 leather armour of the Forgotten Eyes {rN+ Acc+3} (You bought it in a shop on level 9 of the Dungeon)
  9576 | D:9      | Received a gift from Nemelex Xobeh
  9690 | D:9      | Reached skill level 1 in Armour
  9690 | D:9      | Gained mutation: You have a pair of small horns on your head. [demonic ancestry]
  9690 | D:9      | Reached XP level 10. HP: 72/77 MP: 17/21
  9775 | D:9      | Learned a level 2 spell: Corpse Rot
  9865 | D:9      | Reached skill level 5 in Shields
  9949 | D:10     | Entered Level 10 of the Dungeon
  9949 | D:10     | Noticed an octopode
  9956 | D:10     | Killed an octopode
  9964 | D:10     | Noticed Erica
  9973 | D:10     | Killed Erica
 10029 | D:10     | Noticed ark's ghost (powerful KoAs)
 10045 | D:10     | Killed ark's ghost
 10580 | D:10     | JacquesDerrida: deng
 10580 | D:10     | JacquesDerrida: it hit me
 10580 | D:10     | JacquesDerrida: and then again
 10598 | D:10     | Noticed a hill giant
 10599 | D:10     | Noticed Maurice
 10600 | D:10     | JacquesDerrida: shiiiet
 10600 | D:10     | Received a gift from Nemelex Xobeh
 10603 | D:10     | dck: deng
 10609 | D:10     | Killed a hill giant
 10610 | D:10     | dck: those are balanced dragons
 10616 | D:10     | dck: ah!
 10616 | D:10     | JacquesDerrida: NO
 10616 | D:10     | JacquesDerrida: JESAS
 10616 | D:10     | dck: our faith
 10618 | D:10     | dck: STOLEN
 10620 | D:10     | JacquesDerrida: he-he
 10620 | D:10     | dck: MANGLE IT
 10620 | D:10     | JacquesDerrida: the bastard's bleeding
 10626 | D:10     | dck: blood guide my claws
 10633 | D:10     | dck: for I must retrieve jesus
 10633 | D:10     | Killed Maurice
 10633 | D:10     | Reached skill level 5 in Armour
 10636 | D:10     | JacquesDerrida: deng
 10636 | D:10     | JacquesDerrida: dagger and a cloak
 10667 | D:10     | Killed an unseen horror
 10716 | D:10     | Noticed a hill giant
 11010 | D:11     | Reached XP level 11. HP: 77/84 MP: 22/22
 11055 | D:11     | JacquesDerrida: deng
 11055 | D:11     | dck: 5 ?ea
 11055 | D:11     | JacquesDerrida: we do ourself some dragan arnar
 11055 | D:11     | dck: not screwing around
 11055 | D:11     | JacquesDerrida: and a few dozend id
 11055 | D:11     | dck: double dang
 11218 | D:11     | Reached skill level 10 in Unarmed Combat
 11372 | D:11     | Found a bloodstained altar of Trog.
 11372 | D:11     | Noticed an oklob plant
 11383 | D:11     | Noticed a six-headed hydra
 11443 | D:11     | Killed a six-headed hydra
 11552 | D:11     | Received a gift from Nemelex Xobeh
 11920 | D:12     | Noticed an elf
 11920 | D:12     | an ice beast changed into an elf
 11937 | D:12     | Killed an elf
 11972 | D:12     | Found a frozen archway.
 12007 | IceCv    | Entered an ice cave
 12080 | IceCv    | Reached skill level 11 in Unarmed Combat
 12085 | IceCv    | Noticed an ice statue
 12085 | IceCv    | Noticed an ice statue
 12091 | IceCv    | Killed an ice statue
 12440 | IceCv    | Received a gift from Nemelex Xobeh
 12445 | IceCv    | Killed an ice statue
 13037 | IceCv    | Noticed an ice devil
 13306 | IceCv    | Received a gift from Nemelex Xobeh
 13307 | IceCv    | Killed an ice devil
 13344 | IceCv    | Got an ichor-stained short sword
 13364 | IceCv    | Identified the +4,+10 short sword of Anguish {slice, rPois rN+} (You found it in an ice cave)
 13722 | D:12     | Noticed Fannar
 13737 | D:12     | Reached skill level 12 in Unarmed Combat
 13848 | D:12     | Noticed Josephine
 13933 | D:12     | Killed Josephine
 14169 | D:12     | Noticed a seven-headed hydra
 14182 | D:12     | Killed a seven-headed hydra
 14182 | D:12     | Reached XP level 12. HP: 91/91 MP: 23/23
 14215 | D:12     | Noticed Gastronok
 14234 | D:12     | Received a gift from Nemelex Xobeh
 14252 | D:12     | Killed Gastronok
 14384 | D:12     | Noticed a hill giant
 14395 | D:12     | Killed a hill giant
 14467 | D:12     | Noticed a hill giant
 14545 | D:12     | a hill giant changed into a spiny worm
 14549 | D:12     | Found an iron altar of Okawaru.
 14572 | D:12     | Reached skill level 13 in Unarmed Combat
 14685 | D:12     | Received a gift from Nemelex Xobeh
 14709 | D:12     | Paralysed by a potion of paralysis for 2 turns
 14802 | D:12     | Found a staircase to the Lair.
 14881 | Lair:1   | Entered Level 1 of the Lair of Beasts
 14965 | Lair:1   | Found a labyrinth entrance.
 14972 | Lab      | Entered a labyrinth
 15104 | Lab      | Noticed a minotaur
 15107 | Lab      | Killed a minotaur
 15116 | Lab      | Identified the Incunabulum of Assistive Translocation (You found it in a labyrinth)
 15121 | Lab      | Identified the Grimoire of the Shifting Mountains (You found it in a labyrinth)
 15124 | Lab      | Identified the Tome of Flying Conjuration (You found it in a labyrinth)
 15138 | Lab      | Learned a level 2 spell: Repel Missiles
 15142 | Lab      | Learned a level 3 spell: Regeneration
 15154 | Lab      | Received a gift from Nemelex Xobeh
 16036 | Lair:2   | Found a dark tunnel.
 16050 | Volcano  | Entered a volcano
 16887 | Lair:3   | Received a gift from Nemelex Xobeh
 17774 | Lair:4   | Reached XP level 13. HP: 88/97 MP: 23/25
 17783 | Lair:4   | Reached skill level 1 in Spellcasting
 17783 | Lair:4   | Reached skill level 1 in Charms
 17853 | Lair:4   | Found a hole to the Spider Nest.
 18172 | Lair:4   | Received a gift from Nemelex Xobeh
 19233 | Lair:6   | Received a gift from Nemelex Xobeh
 19508 | Lair:6   | Received a gift from Nemelex Xobeh
 19543 | Lair:6   | Found a staircase to the Slime Pits.
 19877 | Lair:7   | Reached skill level 10 in Dodging
 20760 | Lair:8   | Entered Level 8 of the Lair of Beasts
 20792 | Lair:8   | Received a gift from Nemelex Xobeh
 20997 | Lair:8   | Reached skill level 14 in Unarmed Combat
 21254 | Lair:8   | Learned a level 3 spell: Flight
 21300 | Lair:8   | Reached skill level 10 in Fighting
 21300 | Lair:8   | Reached XP level 14. HP: 70/105 MP: 22/25
 21509 | Lair:8   | Noticed a bone dragon
 21515 | Lair:8   | Received a gift from Nemelex Xobeh
 22967 | Lair:2   | dck: jacques my mayin
 22967 | Lair:2   | dck: sord is go
 22967 | Lair:2   | dck: I repeat
 22967 | Lair:2   | dck: sord
 22967 | Lair:2   | dck: is go
 23189 | Orc:1    | Entered Level 1 of the Orcish Mines
 23367 | Orc:2    | Noticed Erolcha
 23370 | Orc:2    | Received a gift from Nemelex Xobeh
 23370 | Orc:2    | Killed Erolcha
 23715 | Orc:3    | Found a staircase to the Elven Halls.
 24090 | Orc:4    | Entered Level 4 of the Orcish Mines
 24175 | Orc:4    | Found a roughly hewn altar of Beogh.
 24390 | Orc:4    | XOM: potion effect (magic)
 24604 | Orc:4    | Received a gift from Nemelex Xobeh
 24893 | Orc:4    | Reached skill level 15 in Unarmed Combat
 24909 | Orc:4    | Received a gift from Nemelex Xobeh
 25124 | Orc:4    | Found Mnaysal's Magical Wand Boutique.
 25124 | Orc:4    | Found Shumm's Antique Armour Shop.
 25124 | Orc:4    | Found Gofrih's Gadget Shop.
 25125 | Orc:4    | Found Wosig's Antique Armour Shop.
 25536 | Orc:4    | Bought a slimy troll leather armour for 1650 gold pieces
 25539 | Orc:4    | Identified the +0 troll leather armour of Sloth {+Blink +Inv MR++ Curse} (You bought it in a shop on level 4 of the Orcish Mines)
 25587 | Orc:4    | Received a gift from Nemelex Xobeh
 25683 | Orc:4    | Received a gift from Nemelex Xobeh
 26545 | D:13     | Received a gift from Nemelex Xobeh
 27014 | D:14     | Reached skill level 5 in Spellcasting
 27148 | D:14     | Found Reavuor's Book Shop.
 27149 | D:14     | Noticed Sonja
 27164 | D:14     | Killed Sonja
 27310 | D:14     | Reached skill level 5 in Charms
 27670 | D:14     | Received a gift from Nemelex Xobeh
 27872 | D:14     | dck: are you
 27872 | D:14     | dck: smitin'
 27872 | D:14     | dck: the fools
 27872 | D:14     | JacquesDerrida: deng
 27872 | D:14     | JacquesDerrida: yeah
 27875 | D:14     | JacquesDerrida: what the fuck mang
 27875 | D:14     | dck: hahaha
 27875 | D:14     | JacquesDerrida: pls no
 27875 | D:14     | Noticed Worak
 27876 | D:14     | dck: warlords
 27876 | D:14     | dck: holy shit
 27876 | D:14     | JacquesDerrida: too bad
 27876 | D:14     | JacquesDerrida: I thought they have inner flame
 27876 | D:14     | dck: nah
 27876 | D:14     | dck: permasummon symbol
 27886 | D:14     | JacquesDerrida: worak
 27886 | D:14     | JacquesDerrida: you bastard
 27886 | D:14     | JacquesDerrida: I thought you were ded
 27887 | D:14     | Killed Worak the orc warlord
 27982 | D:14     | Received a gift from Nemelex Xobeh
 27986 | D:14     | JacquesDerrida: yiss
 27986 | D:14     | JacquesDerrida: the best
 28069 | D:14     | Gained mutation: You have claws for hands. [demonic ancestry]
 28069 | D:14     | Reached XP level 15. HP: 107/115 MP: 24/27
 28124 | D:14     | dck: woo
 28124 | D:14     | dck: da loot
 28127 | D:14     | JacquesDerrida: really?
 28127 | D:14     | JacquesDerrida: noice!
 28227 | D:14     | Found an ancient bone altar of Kikubaaqudgha.
 28230 | D:14     | JacquesDerrida: pls no
 28345 | D:15     | Entered Level 15 of the Dungeon
 28372 | D:15     | Reached skill level 10 in Evocations
 28451 | D:15     | dck: wow
 28474 | D:15     | dck: bad breath
 28476 | D:15     | JacquesDerrida: yiss
 28476 | D:15     | JacquesDerrida: no resists at all
 28477 | D:15     | JacquesDerrida: deng
 28872 | D:15     | dck: JACQUES MY MAN
 28874 | D:15     | dck: ARE YOU
 28874 | D:15     | dck: FIGHTING THE MONSTERS
 28874 | D:15     | JacquesDerrida: I AM FIGHTANG TEH MONSTAR IN MESELF
 28874 | D:15     | JacquesDerrida: IT'S THE MOST COMPLICATED FIGHT
 28874 | D:15     | JacquesDerrida: VERY LONG AND HARD
 28889 | D:15     | Received a gift from Nemelex Xobeh
 28948 | D:15     | dck: but it is as well
 29015 | D:15     | dck: the most rewarding one
 29051 | D:15     | dck: brother jacques
 29133 | D:15     | JacquesDerrida: we are winning teh war
 29133 | D:15     | JacquesDerrida: our monastery will be united again
 29358 | D:16     | Entered Level 16 of the Dungeon
 29445 | D:16     | dck: no more old men in the corner
 29451 | D:16     | dck: crumbling in pain
 29451 | D:16     | JacquesDerrida: yiss
 29451 | D:16     | JacquesDerrida: we have some advanced medicine now
 29451 | D:16     | JacquesDerrida: for teh bowels
 29470 | D:16     | JacquesDerrida: NO
 29470 | D:16     | JacquesDerrida: PLS NO
 29506 | D:16     | JacquesDerrida: shit mang
 29506 | D:16     | JacquesDerrida: do I do this
 29506 | D:16     | JacquesDerrida: I think I do but
 29506 | D:16     | JacquesDerrida: what if I will need more ac than dat
 29506 | D:16     | JacquesDerrida: like ICCCCE armar
 29529 | D:16     | dck: wait I'm here
 29529 | D:16     | dck: what's wrong
 29529 | D:16     | dck: who died
 29529 | D:16     | dck: well jacques my mang
 29529 | D:16     | dck: you have the best
 29529 | D:16     | dck: the
 29529 | D:16     | dck: BEST
 29529 | D:16     | dck: armar
 29529 | D:16     | JacquesDerrida: I think about armar
 29529 | D:16     | dck: bone dragon armar
 29529 | D:16     | JacquesDerrida: yiss
 29529 | D:16     | dck: but
 29529 | D:16     | JacquesDerrida: My spidar senses
 29529 | D:16     | dck: I could understand wanting more AC
 29529 | D:16     | JacquesDerrida: sense a trove
 29529 | D:16     | dck: deng
 29529 | D:16     | JacquesDerrida: who wants all those scrolls
 29529 | D:16     | JacquesDerrida: I can do it +6 right nao
 29529 | D:16     | dck: dang
 29529 | D:16     | JacquesDerrida: after a trip to LIAR
 29537 | D:16     | dck: how's your MR without the
 29538 | D:16     | dck: trollest hide
 29538 | D:16     | JacquesDerrida: AWFUL
 29538 | D:16     | JacquesDerrida: no mr at all
 29538 | D:16     | dck: EXCELLENT
 29538 | D:16     | JacquesDerrida: oh yeah
 29538 | D:16     | dck: hm
 29538 | D:16     | JacquesDerrida: a hat
 29538 | D:16     | JacquesDerrida: bbbut
 29538 | D:16     | dck: ya
 29538 | D:16     | dck: yeah monsters
 29538 | D:16     | JacquesDerrida: horns are soon enough
 29538 | D:16     | dck: well still 1
 29538 | D:16     | JacquesDerrida: 2 more horners
 29538 | D:16     | dck: it'll last a while
 29538 | D:16     | JacquesDerrida: yiss
 29538 | D:16     | dck: if you feel your AC ain't enough
 29538 | D:16     | JacquesDerrida: we inchant
 29538 | D:16     | dck: mite as well
 29538 | D:16     | dck: GET SUM MOTTLES
 29538 | D:16     | JacquesDerrida: yeah
 29538 | D:16     | JacquesDerrida: I will do that
 29538 | D:16     | JacquesDerrida: but 16 levol
 29538 | D:16     | JacquesDerrida: first
 29538 | D:16     | JacquesDerrida: genna find dat trow
 29663 | D:16     | JacquesDerrida: fak mang
 29663 | D:16     | JacquesDerrida: I need to blow that up
 29664 | D:16     | JacquesDerrida: yiss
 29797 | D:16     | Received a gift from Nemelex Xobeh
 29824 | D:16     | Received a gift from Nemelex Xobeh
 29962 | D:16     | Found a gate to the Depths.
 30344 | D:16     | Noticed Harold
 30365 | D:16     | Killed Harold
 30448 | D:16     | Found a white marble altar of Elyvilon.
 30548 | D:16     | Received a gift from Nemelex Xobeh
 30552 | D:16     | JacquesDerrida: nice
 31047 | Lair:3   | Noticed a five-headed hydra
 31101 | Lair:3   | Killed a two-headed hydra
 31369 | Lair:3   | Noticed Inkie's ghost (powerful LOTm)
 31389 | Lair:3   | Killed Inkie's ghost
 31686 | Lair:4   | Found a staircase to the Swamp.
 31719 | Swamp:1  | Entered Level 1 of the Swamp
 31748 | Swamp:1  | Upgraded the game from 0.14-a0-942-gbd853f2 to 0.14-a0-953-g9e7f188
 31775 | Swamp:1  | Noticed timbw's ghost (mighty HuFE)
 31786 | Swamp:1  | Received a gift from Nemelex Xobeh
 31787 | Swamp:1  | Killed timbw's ghost
 32276 | Swamp:1  | Received a gift from Nemelex Xobeh
 33244 | Swamp:2  | Received a gift from Nemelex Xobeh
 33281 | Swamp:2  | Noticed Aizul
 33555 | Swamp:2  | Killed Aizul
 33698 | Swamp:2  | Gained mutation: You have razor-sharp toenails. [demonic ancestry]
 33698 | Swamp:2  | Reached XP level 16. HP: 95/122 MP: 24/30
 34659 | Swamp:4  | Noticed Kirke
 34661 | Swamp:4  | Received a gift from Nemelex Xobeh
 34698 | Swamp:4  | Killed Kirke
 34947 | Bazaar   | Entered a bazaar
 34947 | Bazaar   | Found Vetebab's Antique Armour Boutique.
 34947 | Bazaar   | Found Mawkaani's Antique Weapon Boutique.
 34964 | Bazaar   | Found Ydghoucw's General Store.
 35028 | Bazaar   | Found Skanuufu's Jewellery Shop.
 35037 | Bazaar   | Found Mocah's Distillery.
 35060 | Bazaar   | Bought a smoking cloak for 156 gold pieces
 35065 | Bazaar   | Identified the +1 cloak of the Comet {Acc+3 Stlth++} (You bought it in a shop in a bazaar)
 35113 | Swamp:4  | Received a gift from Nemelex Xobeh
 35617 | D:7      | Killed Joseph
 35843 | D:5      | Bought 2 scrolls of identify for 40 gold pieces
 35843 | D:5      | Bought a scroll of identify for 20 gold pieces
 35917 | D:4      | Bought a scroll of identify for 22 gold pieces
 35917 | D:4      | Bought 3 scrolls of identify for 66 gold pieces
 35917 | D:4      | Bought a scroll of identify for 22 gold pieces
 35917 | D:4      | Bought a scroll of identify for 22 gold pieces
 36466 | Trove    | Entered a treasure trove
 36477 | Trove    | Got an ichor-stained buckler
 36487 | Trove    | Got a faintly glowing cloak
 36489 | Trove    | Got a dazzling cloak
 36507 | Trove    | Got a smoking fire dragon armour
 36531 | Trove    | JacquesDerrida: isn't it nice
 36531 | Trove    | WOAT: eh
 36531 | Trove    | WOAT: whats the cloaks
 36531 | Trove    | WOAT: and glowing boots
 36531 | Trove    | JacquesDerrida: boots aren't relevant
 36531 | Trove    | JacquesDerrida: talons are 2nd level already
 36535 | Trove    | Identified the +2 cloak "Shra Viss" {rN+ SInv} (You found it in a treasure trove)
 36538 | Trove    | Identified the +2 cloak of Feasting {Acc+4 SInv} (You found it in a treasure trove)
 36554 | Trove    | Identified the +4 fire dragon armour of Inviolability {rElec rF++ rC-} (You found it in a treasure trove)
 36560 | Trove    | Identified the -3 buckler of Subjectivity {+Fly Str+4} (You found it in a treasure trove)
 36563 | Trove    | JacquesDerrida: well shit
 36883 | Lair:1   | JacquesDerrida: new boots eh
 36883 | Lair:1   | JacquesDerrida: fuck man imagine stab with claws 3
 36883 | Lair:1   | JacquesDerrida: good stuff
 36883 | Lair:1   | JacquesDerrida: too bad I am mutating rapidly
 37107 | Swamp:4  | WOAT: dude i cant even spectate/talk in grunts game
 37107 | Swamp:4  | WOAT: fucking bows
 37155 | Swamp:4  | Learned a level 2 spell: Blink
 37309 | Swamp:4  | Noticed Rupert
 37309 | Swamp:4  | Paralysed by Rupert for 7 turns
 37322 | Swamp:4  | Killed Rupert
 37354 | Swamp:4  | Received a gift from Nemelex Xobeh
 37376 | Swamp:4  | Noticed Agnes
 37416 | Swamp:4  | Killed Agnes
 37736 | Swamp:5  | Entered Level 5 of the Swamp
 37761 | Swamp:4  | Noticed Saint Roka
 37854 | Swamp:4  | Killed Saint Roka
 38313 | Swamp:5  | Received a gift from Nemelex Xobeh
 39005 | Swamp:5  | Received a gift from Nemelex Xobeh
 39795 | Lair:7   | Received a gift from Nemelex Xobeh
 39821 | Lair:7   | Received a gift from Nemelex Xobeh
 39826 | Lair:7   | Reached skill level 10 in Charms
 39826 | Lair:7   | Gained mutation: You have a pair of horns on your head. [demonic ancestry]
 39826 | Lair:7   | Reached XP level 17. HP: 129/129 MP: 31/31
 39862 | Lair:7   | Received a gift from Nemelex Xobeh
 39880 | Lair:7   | Received a gift from Nemelex Xobeh
 40003 | Lair:8   | Received a gift from Nemelex Xobeh
 40814 | Swamp:5  | Got a decaying rune of Zot
 41284 | Elf:1    | Entered Level 1 of the Elven Halls
 41303 | Elf:1    | Received a gift from Nemelex Xobeh
 41337 | Elf:1    | Learned a level 6 spell: Haste
 42399 | Elf:2    | Found a flickering gateway to a bazaar.
 42408 | Bazaar   | Entered a bazaar
 42428 | Bazaar   | Found Ukuorun's Antique Armour Shoppe.
 42443 | Bazaar   | Found Kevidoc's Book Shoppe.
 42458 | Bazaar   | Found Yneigg's Gadget Emporium.
 42458 | Bazaar   | Found Kiadibig's Armour Shoppe.
 43177 | Elf:2    | Learned a level 2 spell: Swiftness
 43310 | Elf:3    | Entered Level 3 of the Elven Halls
 43413 | Elf:3    | Found Gamu's Distillery.
 43422 | Elf:3    | Bought a potion of heal wounds for 54 gold pieces
 43422 | Elf:3    | Bought a potion of resistance for 126 gold pieces
 43496 | Elf:3    | Found Katiuluw's Antique Weapon Shop.
 43650 | Elf:3    | Found Strokhlu's Assorted Antiques.
 43651 | Elf:3    | Found Gituimu's Jewellery Boutique.
 43823 | Elf:3    | Received a gift from Nemelex Xobeh
 43887 | Elf:3    | Gained mutation: You are very good at protecting items from fire. [demonic ancestry]
 43887 | Elf:3    | Reached XP level 18. HP: 70/136 MP: 21/32
 44006 | Elf:3    | Received a gift from Nemelex Xobeh
 44006 | Elf:3    | Noticed a bone dragon
 44007 | Elf:3    | Banished a bone dragon
 44245 | Elf:3    | Received a gift from Nemelex Xobeh
 44332 | Elf:3    | Reached skill level 16 in Unarmed Combat
 44434 | Elf:3    | Reached XP level 19. HP: 51/145 MP: 24/33
 44435 | Elf:3    | Reached skill level 17 in Unarmed Combat
 44496 | Elf:3    | Gained mutation: You have claws for feet. [demonic ancestry]
 44496 | Elf:3    | Reached XP level 20. HP: 68/154 MP: 21/33
 44650 | Elf:3    | Received a gift from Nemelex Xobeh
 44850 | Elf:3    | Received a gift from Nemelex Xobeh
 44864 | Elf:3    | Identified the Reference Book on Feathery Translocation
 44879 | Elf:3    | Learned a level 4 spell: Control Teleport
 44932 | Elf:3    | Got an ancient iron ring
 44966 | Elf:3    | Reached skill level 1 in Throwing
 45008 | Elf:3    | Got a flickering lead ring
 45042 | Elf:3    | Identified the ring "Smin" {SustAb Dex+2 Int+3} (You took it off a deep elf sorcerer on level 3 of the Elven Halls)
 45043 | Elf:3    | Identified the ring "Siamedwiogh" {rC+ Int+3} (You took it off a deep elf annihilator on level 3 of the Elven Halls)
 45212 | Elf:3    | Identified Olgreb's Tome of Hurtful Poisoning (You found it on level 3 of the Elven Halls)
 45241 | Elf:3    | Identified the Papyrus of Augmentations
 45253 | Elf:3    | Received a gift from Nemelex Xobeh
 45300 | Elf:3    | Got a twitching steel ring
 45332 | Elf:3    | Learned a level 1 spell: Apportation
 45391 | Elf:3    | Identified a +6 rod of venom (11/11) (You found it on level 3 of the Elven Halls)
 45408 | Elf:3    | Identified the Disquisition on Spatial Snow (You found it on level 3 of the Elven Halls)
 45450 | Elf:3    | Identified the ring "Nopodet" {SustAb Str+4 Dex+3 Int+3} (You took it off a deep elf demonologist on level 3 of the Elven Halls)
 45470 | Elf:3    | Identified the Handbook of Conjuration (You found it on level 3 of the Elven Halls)
 45475 | Elf:3    | Received a gift from Nemelex Xobeh
 45533 | Elf:3    | Got an encrusted battleaxe
 45538 | Elf:3    | Received a gift from Nemelex Xobeh
 45667 | Elf:3    | Received a gift from Nemelex Xobeh
 46216 | Depths:1 | Entered Level 1 of the Depths
 46311 | Depths:1 | Reached skill level 18 in Unarmed Combat
 46328 | Depths:1 | Noticed ark's ghost (mighty KoAs)
 46487 | Depths:1 | Killed ark's ghost
 46881 | Depths:1 | Noticed Egon's ghost (mighty DjWz)
 47289 | Depths:1 | Killed Egon's ghost
 47439 | Depths:1 | Upgraded the game from 0.14-a0-953-g9e7f188 to 0.14-a0-987-gc8002fa
 48123 | Depths:1 | Received a gift from Nemelex Xobeh
 48235 | Depths:2 | Noticed Margery
 48403 | Depths:2 | Killed Margery
 48881 | Depths:2 | Reached XP level 21. HP: 114/163 MP: 25/34
 48892 | Depths:2 | Received a gift from Nemelex Xobeh
 49123 | Depths:2 | Noticed a golden dragon
 49379 | Depths:2 | Killed a golden dragon
 49500 | Depths:2 | Reached skill level 15 in Evocations
 49538 | Depths:2 | Noticed a golden dragon
 49551 | Depths:2 | Killed a golden dragon
 49559 | Depths:2 | Received a gift from Nemelex Xobeh
 49567 | Depths:2 | Got a pitted bardiche
 49568 | Depths:2 | Identified the +5,+4 bardiche of Qoun Nipokeo {chop, rF+} (You took it off a fire giant on level 2 of the Depths)
 49575 | Depths:2 | Noticed a golden dragon
 49714 | Depths:2 | Killed a golden dragon
 49880 | Depths:2 | Noticed a golden dragon
 49921 | Depths:2 | Received a gift from Nemelex Xobeh
 49961 | Lab      | Entered a labyrinth
 52298 | Lab      | Received a gift from Nemelex Xobeh
 52319 | Depths:2 | Received a gift from Nemelex Xobeh
 52364 | Depths:2 | Reached skill level 15 in Dodging
 52423 | Depths:2 | Paralysed by a giant eyeball for 3 turns
 52446 | Depths:2 | Paralysed by a giant eyeball for 4 turns
 52477 | Depths:2 | Upgraded the game from 0.14-a0-987-gc8002fa to 0.14-a0-1007-gacdcbbe
 52963 | D:5      | Bought a bread ration for 40 gold pieces
 52963 | D:5      | Bought a bread ration for 40 gold pieces
 52963 | D:5      | Bought a meat ration for 40 gold pieces
 52963 | D:5      | Bought a bread ration for 40 gold pieces
 52963 | D:5      | Bought a meat ration for 40 gold pieces
 52963 | D:5      | Bought a bread ration for 40 gold pieces
 52963 | D:5      | Bought a meat ration for 40 gold pieces
 52963 | D:5      | Bought a choko for 4 gold pieces
 52963 | D:5      | Bought a choko for 4 gold pieces
 52963 | D:5      | Bought a choko for 4 gold pieces
 52963 | D:5      | Bought a choko for 4 gold pieces
 52963 | D:5      | Bought a pear for 8 gold pieces
 52963 | D:5      | Bought a choko for 4 gold pieces
 53147 | D:9      | Bought a pair of brightly glowing gloves for 142 gold pieces
 53740 | Depths:2 | Found a gateway to Hell.
 53805 | Depths:2 | Identified the +0 pair of gloves "Psuigeo" {Str+4 Int+4} (You bought it in a shop on level 9 of the Dungeon)
 53809 | Depths:2 | Received a gift from Nemelex Xobeh
 54680 | Depths:3 | Noticed Norris
 54703 | Depths:3 | Killed Norris
 54703 | Depths:3 | Gained mutation: You have a pair of large horns on your head. [demonic ancestry]
 54703 | Depths:3 | Reached XP level 22. HP: 116/171 MP: 32/36
 54977 | Depths:3 | Received a gift from Nemelex Xobeh
 55069 | Depths:3 | Noticed Nikola
 55132 | Depths:3 | Found a one-way gate leading to the halls of Pandemonium.
 55141 | Depths:3 | Reached skill level 19 in Unarmed Combat
 55228 | Depths:3 | Upgraded the game from 0.14-a0-1007-gacdcbbe to 0.14-a0-1029-g9530a8b
 55409 | Depths:3 | Paralysed by an orc sorcerer for 6 turns
 55450 | Depths:3 | Killed Nikola
 55464 | Depths:3 | Upgraded the game from 0.14-a0-1029-g9530a8b to 0.14-a0-1036-g6cac21b
 55464 | Depths:3 | Upgraded the game from 0.14-a0-1036-g6cac21b to 0.14-a0-2080-ge317583
 55465 | Depths:3 | Found a gate to the Vaults.
 55501 | Vaults:1 | Entered Level 1 of the Vaults
 55531 | Vaults:1 | Upgraded the game from 0.14-a0-2080-ge317583 to 0.15-a0-970-ga23ad50
 55531 | Vaults:1 | Upgraded the game from 0.15-a0-970-ga23ad50 to 0.16-a0-787-g31dbbe7
 55536 | Vaults:1 | Quit the game

Action                   |  1- 3 |  4- 6 |  7- 9 | 10-12 | 13-15 | 16-18 | 19-21 | 22-24 || total
-------------------------+-------+-------+-------+-------+-------+-------+-------+-------++-------
Melee: Unarmed           |   110 |   113 |   465 |   933 |  2227 |  1042 |  1341 |   185 ||  6416
       Scimitar          |       |       |       |       |    24 |    43 |    27 |    12 ||   106
 Fire: Blowgun           |       |       |    18 |    10 |     2 |       |       |       ||    30
Throw: Tomahawk          |     4 |     4 |    10 |       |       |       |       |       ||    18
       Throwing net      |       |       |       |       |     1 |       |     2 |       ||     3
 Cast: Repel Missiles    |       |       |       |       |     8 |    11 |    44 |     6 ||    69
       Regeneration      |       |       |       |       |       |    34 |    85 |    17 ||   136
       Flight            |       |       |       |       |       |    10 |    12 |     2 ||    24
       Haste             |       |       |       |       |       |     2 |    13 |     1 ||    16
       Swiftness         |       |       |       |       |       |     1 |     4 |     1 ||     6
       Corpse Rot        |       |       |       |       |       |       |     2 |       ||     2
Invok: No ability        |       |       |     5 |    24 |    21 |    39 |    21 |     3 ||   113
       No ability        |       |       |       |       |       |     4 |     3 |       ||     7
 Abil: Evoke Flight      |       |       |       |       |     1 |       |       |       ||     1
       End Transformatio |       |       |       |       |     1 |       |       |       ||     1
Evoke: Deck              |    15 |     3 |     6 |    33 |    76 |    92 |    69 |       ||   294
       Wand              |       |     1 |    21 |    25 |    29 |    10 |    19 |       ||   105
       Phial of floods   |       |       |       |       |     6 |       |     3 |       ||     9
       Lamp of fire      |       |       |       |       |       |       |     4 |       ||     4
       Box of beasts     |       |       |       |       |       |       |     1 |       ||     1
  Use: Scroll            |     3 |       |    20 |    11 |    19 |     7 |    18 |     2 ||    80
       Potion            |       |    11 |     7 |     7 |     1 |     5 |     4 |     2 ||    37
 Stab: Distracted        |     1 |       |     1 |     3 |     6 |     2 |     1 |       ||    14
       Sleeping          |     3 |     2 |    11 |    12 |    13 |     1 |       |     1 ||    43
       Confused          |       |       |     1 |     1 |     1 |       |       |       ||     3
       Paralysed         |       |       |       |       |     8 |       |       |       ||     8
       Fleeing           |       |       |       |       |       |     1 |     2 |       ||     3
